 Dungeon Crawl Stone Soup version 0.31-a0-846-gb3bcc0d938 (webtiles) character file.

Game seed: 9965428440710050091

90 javelincjr the Changeling (level 4, 0/29 HPs)
             Began as an Octopode Shapeshifter on Oct 3, 2023.
             Slain by a gnoll
             ... wielding a +0 whip
              (6 damage)
             ... on level 2 of the Dungeon.
             The game lasted 00:03:35 (1640 turns).

javelincjr the Changeling (Octopode Shapeshifter)   Turns: 1640, Time: 00:03:36

Health: 0/29       AC:  1    Str: 13    XL:     4   Next: 56%
Magic:  4/4        EV: 13    Int: 12    God:
Gold:   59         SH:  0    Dex: 13    Spells: 3/3 levels left

rFire   . .          .
                       - Unarmed
rCold   . . .        (no shield)
rNeg    . . .        (helmet currently unavailable)
rPois   .            (no amulet)
rElec   .            (no ring)
rCorr   .            (no ring)
SInv    .            (no ring)
Will    .....        (no ring)
Stlth   ++           (no ring)
HPRegen 0.24/turn    (no ring)
MPRegen 0.09/turn    (no ring)
                     (no ring)

%: no passive effects
@: beast-form
A: beast (slay +2), almost no armour, amphibious, 8 rings, camouflage 1,
gelatinous body 1, (nimble swimmer 1), tentacles
a: Begin Untransformation


You were on level 2 of the Dungeon.
You were a hulking beast.
You visited 1 branch of the dungeon, and saw 2 of its levels.

You collected 95 gold pieces.
You spent 36 gold pieces at shops.

Inventory:

Hand Weapons
 s - a +1 dagger of venom
 t - a +1 dagger of freezing
Missiles
 f - 8 poisoned darts (quivered)
Talismans
 b - a beast talisman (active)
 c - a flux talisman
Scrolls
 d - a scroll of identify {unknown}
 e - a scroll of brand weapon {unknown}
 g - 3 scrolls of noise {unknown}
 i - 2 scrolls of immolation {unknown}
 j - a scroll of enchant armour {unknown}
 k - a scroll of revelation {unknown}
 l - a scroll of blinking {unknown}
 o - 4 scrolls of enchant weapon {unknown}
 p - a scroll of fear {unknown}
Potions
 a - 2 potions of lignification
 h - 2 potions of curing
 m - 2 potions of resistance {unknown}
 n - a potion of heal wounds {unknown}
 q - a potion of mutation {unknown}
 r - a potion of enlightenment {unknown}


   Skills:
 + Level 2.0 Fighting
 + Level 2.7 Dodging
 + Level 3.5 Unarmed Combat
 * Level 3.8 Shapeshifting


You had 3 spell levels left.
You didn't know any spells.
Your spell library was empty.

Dungeon Overview and Level Annotations

Branches:
Dungeon (2/15)

Altars:

Shops:
D:1 !


Innate Abilities, Weirdness & Mutations

You are a hulking beast.
Your limbs bulge with bestial killing power. (Slay +2)
You cannot wear most types of armour.
You are amphibious.
You can wear up to eight rings at the same time.
Your skin changes colour to match your surroundings (Stealth+).
Your rubbery body absorbs attacks. (AC +1, EV +1)
((You are camouflaged when in or above water. (Stealth+)))
You have tentacles for arms and can constrict up to eight enemies at once.


Message History

The gnoll shouts! x3
The gnoll completely misses you.
You closely miss the gnoll. Your grab misses the gnoll.
Your squeeze misses the gnoll. You closely miss the gnoll.
Your grab misses the gnoll. Your squeeze misses the gnoll.
The gnoll hits you with a +0 whip!
You bludgeon the gnoll! You grab the gnoll.
The gnoll is heavily wounded.
You constrict the gnoll, but do no damage.
The gnoll hits you with a +0 whip! The gnoll barely misses you.
You are too injured to fight recklessly!
You release your grip on the gnoll.
The gnoll attacks as it pursues you! The gnoll barely misses you.
You are too injured to fight recklessly!
You tentacle-slap the gnoll. Your grab misses the gnoll. You squeeze the gnoll.
The gnoll is heavily wounded.
You barely miss the gnoll. You grab the gnoll.
The gnoll is heavily wounded.
You constrict the gnoll, but do no damage.
The gnoll closely misses you.
You tentacle-slap the gnoll.
The gnoll is severely wounded.
You constrict the gnoll. The gnoll hits you with a +0 whip!
* * * LOW HITPOINT WARNING * * *
You tentacle-slap the gnoll.
You kill the gnoll!
Your Fighting skill increases to level 2!
You tentacle-slap the gnoll. Your grab misses the gnoll.
The gnoll is heavily wounded.
The gnoll barely misses you.
You tentacle-slap the gnoll. You grab the gnoll.
The gnoll is heavily wounded.
You constrict the gnoll. The gnoll hits you with a +0 whip.
* * * LOW HITPOINT WARNING * * *
You tentacle-slap the gnoll.
You kill the gnoll!
You tentacle-slap the gnoll. You grab the gnoll.
The gnoll is severely wounded.
You constrict the gnoll. The gnoll hits you with a +0 whip.
You die...

...........................#
...##.###........##.###..#.#
...##.......................#
...##.###.##.###.##.###..#.##
......###.##.###.##.###
.......................
.#..#.###[##...........
.................###
....#####.##.###h# .####
#.##.# #g# ## #.##.#
#...g.... #.##.# #########
#.##.# #.##.# ######


You could see a gnoll.

Vanquished Creatures
  3 adders (D:2)
  2 gnolls (D:2)
  A worm (D:2)
  2 dart slugs (D:1)
  2 endoplasms
  A giant cockroach (D:1)
  6 goblins
  5 hobgoblins
  A quokka (D:1)
  3 ball pythons
  3 bats
  A frilled lizard (D:1)
  5 kobolds
  3 rats
38 creatures vanquished.

Notes
Turn   | Place    | Note
-------+----------+-------------------------------------------
     0 | D:1      | javelincjr the Octopode Shapeshifter began the quest for
                  | the Orb.
     0 | D:1      | Reached XP level 1. HP: 13/13 MP: 1/1
    82 | D:1      | Reached XP level 2. HP: 5/18 MP: 2/2
   831 | D:1      | Found Utedd's Distillery.
   834 | D:1      | Bought a potion of curing for 36 gold pieces
   913 | D:2      | Reached XP level 3. HP: 23/23 MP: 3/3
  1225 | D:2      | Reached XP level 4. HP: 29/29 MP: 4/4
  1640 | D:2      | Slain by a gnoll

Illustrated notes

Levels and vault maps discovered:
D:1:      minmay_arrival_radiant_lines, layout_loops_corners, serial_shops,
          nicolae_shop_behind_doors
D:2:      layout_basic

Skill      XL: |  1  2  3  4 |
---------------+-------------+-----
Fighting       | 2 |  2.0
Dodging        | |  2.7
Unarmed Combat | |  3.5
Shapeshifting  | |  3.8

Action                     |  1- 3 |  4- 6 || total
---------------------------+-------+-------++-------
  Melee: Unarmed           |    47 |    30 ||    77
         Constrict         |    13 |     7 ||    20
         Tentacles         |     8 |     2 ||    10
         Punch             |     2 |       ||     2
   Stab: Sleeping          |     9 |       ||     9
 Armour: Skin              |    19 |    12 ||    31
  Dodge: Dodged            |    21 |    19 ||    40

Table legend: (Time is in decaauts)
 A = Elapsed time spent in this place.
 B = Non-inter-level travel time spent in this place.
 C = Inter-level travel time spent in this place.
 D = Time resting spent in this place.
 E = Time spent auto-exploring this place.
 F = Levels seen in this place.
 G = Mean time per level.
                   A        B        C        D        E       F      G
               +--------+--------+--------+--------+--------+-----+--------+
         Total |   1634 |   1597 |     37 |      0 |   1337 |   2 |  817.0 |
       Dungeon |   1634 |   1597 |     37 |      0 |   1337 |   2 |  817.0 |
               +--------+--------+--------+--------+--------+-----+--------+

Top non-repeatable levels by time:
     D:1: 904 daAuts
     D:2: 730 daAuts
